 Dungeon Sprint DCSS version 0.31-a0-920-g28cbb04a8c (webtiles) character file.

Game seed: 13672305980141611496

94 sircluck the Ruffian (level 4, -4/49 HPs)
             Began as a Troll Berserker on Oct 17, 2023.
             Was a Priest of Trog.
             Slain by a sixfirhy (10 damage)
             ... summoned by a kobold demonologist
             ... while paralysed by an arcanist
             ... in the Dungeon (Sprint III: "The Ten Rune Challenge").
             The game lasted 00:01:25 (203 turns).

sircluck the Ruffian (Troll Berserker)               Turns: 203, Time: 00:01:26

Health: -4/49      AC:  3    Str: 27    XL:     4   Next: 38%
Magic:  3/3        EV:  1    Int:  3    God:    Trog [***...]
Gold:   34         SH:  0    Dex:  9    Spells: 3/3 levels left

rFire   . .          .
                       - Unarmed
rCold   . . .        (no shield)
rNeg    . . .        a - +0 animal skin
rPois   +            (helmet restricted)
rElec   .            (no cloak)
rCorr   .            (gloves unavailable)
SInv    .            (boots unavailable)
Will    .....        (no amulet)
Stlth   +            (no ring)
HPRegen 1.08/turn    (no ring)
MPRegen 0.08/turn

%: no teleportation
@: paralysed
A: large, unfitting armour, claws 3, regeneration 1, shaggy fur 1, tough skin 1,
deformed body, poison resistance, MP-powered wands
a: Renounce Religion, Berserk, Trog's Hand


You were in the Dungeon.
You worshipped Trog.
Trog was most pleased with you.
You visited 1 branch You collected 34 gold pieces.

Inventory:

Armour
 a - a +0 animal skin (worn)
Scrolls
 g - a scroll of blinking
 i - 2 scrolls of torment {unknown}
 j - 3 scrolls of identify
Potions
 b - a potion of curing
 c - a potion of heal wounds
 d - a potion of haste
 e - 2 potions of magic
 f - a potion of berserk rage
 k - 3 potions of enlightenment
 l - a potion of lignification {unknown}


   Skills:
 + Level 4.9 Fighting
 + Level 4.8 Dodging
 + Level 5.8 Unarmed Combat


You had 3 spell levels left.
You didn't know any spells.
Your spell library was empty.

Dungeon Overview and Level Annotations

Branches:
Dungeon (1/1)

Altars:
Kikubaaqudgha
Sif Muna
Vehumet


Innate Abilities, Weirdness & Mutations

You are too large for most types of armour.
You have claws for hands.
Your natural rate of healing is unusually fast.
You are covered in fur. (AC +1)
You have tough skin. (AC +1)
Armour fits poorly on your strangely shaped body.
Your system is resistant to poisons. (rPois)
You expend magic power (3 MP) to strengthen your wands.


Message History

Your Dodging skill increases to level 4!
Your Unarmed Combat skill increases to level 5!
You have reached level 4!
Unknown command.
Unknown command.
You start resting.
You feel a strong urge to attack something.
You start resting.
You feel your anger nearly subside.
You are no longer berserk.
You are exhausted.
You feel yourself slow down.
You start resting.
HP restored.
You start waiting.
You feel yourself speed up.
You start waiting.
You recover from your berserk rage.
There is an open door to the Ecumenical Temple here.
There is a fountain of clear blue water here.
There is a fountain of clear blue water here.
You open the door.
An arcanist comes into view. It is wielding a +0 dagger.
The arcanist shouts!
You hear a shout!
Found a book of Frost.
Found three altars.
You miss the arcanist.
A kobold demonologist comes into view. It is wielding a +0 dagger.
The arcanist hits you with a +0 dagger.
You claw the arcanist!
The arcanist is almost dead.
The arcanist points at you and mumbles some strange words.
You suddenly lose the ability to move!
The kobold demonologist mumbles some strange words.
The arcanist hits you but does no damage.
The sixfirhy hits you! The sixfirhy shocks you! The sixfirhy hits you!
The sixfirhy shocks you!
* * * LOW HITPOINT WARNING * * *
The sixfirhy hits you.
* * * LOW HITPOINT WARNING * * *
The sixfirhy shocks you!
You die...

.#...#### ##.#
.#......#####..#
##....††.#..#..#
.##.##...#..#..###+#+###+
.##.###..##'#..#.........
####.##..###...'.⌠.......
##..##..####...#...######
....##..###....#.⌠.#
#†.##...##.....#@..#
..##....#..†...#3###
.###..##.#.....#pK .#
#..#####....#___ ▓▓ ▓▓▓▓
▓▓▓▓▓▓▓▓▓▓


You could see an arcanist, a kobold demonologist and a sixfirhy (summoned).

Vanquished Creatures
  A water elemental (D)
  A human (D)
  A wolf (D)
  4 rats (D)
7 creatures vanquished.

Notes
Turn   | Place    | Note
-------+----------+-------------------------------------------
     0 | D        | sircluck the Troll Berserker began the quest for the Orb.
     0 | D        | Reached XP level 1. HP: 22/22 MP: 0/0
    29 | D        | Reached ** piety under Trog
    67 | D        | Reached skill level 4 in Unarmed Combat
    67 | D        | Reached XP level 2. HP: 31/31 MP: 1/1
    83 | D        | Reached XP level 3. HP: 13/39 MP: 2/2
   123 | D        | Gained mutation: You are strong-willed. (Will+) [potion of
                  | mutation]
   123 | D        | Gained mutation: You are clumsy. (Dex -2) [potion of
                  | mutation]
   123 | D        | Gained mutation: Armour fits poorly on your strangely
                  | shaped body. [potion of mutation]
   124 | D        | Lost mutation: Armour fits poorly on your strangely shaped
                  | body. [potion of mutation]
   124 | D        | Lost mutation: You are strong-willed. (Will+) [potion of
                  | mutation]
   124 | D        | Gained mutation: Your magical capacity is low. (-10% MP)
                  | [potion of mutation]
   124 | D        | Gained mutation: You are robust. (+10% HP) [potion of
                  | mutation]
   125 | D        | Lost mutation: You are robust. (+10% HP) [potion of
                  | mutation]
   125 | D        | Lost mutation: Your magical capacity is low. (-10% MP)
                  | [potion of mutation]
   125 | D        | Lost mutation: You are clumsy. (Dex -2) [potion of
                  | mutation]
   125 | D        | Gained mutation: Armour fits poorly on your strangely
                  | shaped body. [potion of mutation]
   125 | D        | Gained mutation: You are resistant to electric shocks.
                  | (rElec) [potion of mutation]
   125 | D        | Gained mutation: You are vulnerable to cold. (rC-) [potion
                  | of mutation]
   126 | D        | Lost mutation: You are vulnerable to cold. (rC-) [potion of
                  | mutation]
   126 | D        | Lost mutation: You are resistant to electric shocks.
                  | (rElec) [potion of mutation]
   126 | D        | Gained mutation: Your system is resistant to poisons.
                  | (rPois) [potion of mutation]
   126 | D        | Gained mutation: You expend magic power (3 MP) to
                  | strengthen your wands. [potion of mutation]
   139 | D        | Noticed a water elemental
   148 | D        | Killed a water elemental
   148 | D        | Reached *** piety under Trog
   149 | D        | Reached skill level 5 in Unarmed Combat
   149 | D        | Reached XP level 4. HP: 47/49 MP: 3/3
   198 | D        | Found a radiant altar of Vehumet.
   198 | D        | Found a shimmering blue altar of Sif Muna.
   198 | D        | Found an ancient bone altar of Kikubaaqudgha.
   198 | D        | Noticed an arcanist
   200 | D        | Paralysed by an arcanist for 3 turns
   201 | D        | Noticed a sixfirhy
   203 | D        | Slain by a sixfirhy

Illustrated notes

Levels and vault maps discovered:
D:        dungeon_sprint_mu [sprint_mu_entry_cave, sprint_mu_temple_rooms,
          sprint_mu_d1_spiders, sprint_mu_d2_genie, sprint_mu_d3_branching,
          sprint_mu_orc_legion, sprint_mu_elf_gauntlet, sprint_mu_hive_nellie,
          sprint_mu_lair_fedhas, sprint_mu_vaults_butterflies,
          sprint_mu_slime_circle, sprint_mu_swamp_cave, sprint_mu_shoals_kraken,
          sprint_mu_blade_basic, sprint_mu_crypt_chambers,
          sprint_mu_tomb_spiral, sprint_mu_vestibule_basic,
          sprint_mu_gehenna_hellfire, sprint_mu_dis_giant,
          sprint_mu_tartarus_statrot, sprint_mu_cocytus_islands, sprint_mu_zot1]

Skill      XL: |  1  2  3 |
---------------+----------+-----
Fighting       | 3 4 |  4.9
Dodging        | 3 4 |  4.8
Unarmed Combat | 4 5 |  5.8

Action                     |  1- 3 |  4- 6 || total
---------------------------+-------+-------++-------
  Melee: Unarmed           |    27 |     2 ||    29
         Punch             |     1 |       ||     1
 Invoke: Berserk           |     1 |       ||     1
    Use: Potion            |     4 |       ||     4
 Armour: Animal skin       |    13 |     5 ||    18
  Dodge: Dodged            |    10 |       ||    10

Table legend: (Time is in decaauts)
 A = Elapsed time spent in this place.
 B = Non-inter-level travel time spent in this place.
 C = Inter-level travel time spent in this place.
 D = Time resting spent in this place.
 E = Time spent auto-exploring this place.
 F = Levels seen in this place.
 G = Mean time per level.
                   A        B        C        D        E       F      G
               +--------+--------+--------+--------+--------+-----+--------+
         Total |    210 |    210 |      0 |     85 |     39 |   1 |  210.0 |
       Dungeon |    210 |    210 |      0 |     85 |     39 |   1 |  210.0 |
               +--------+--------+--------+--------+--------+-----+--------+

Top non-repeatable levels by time:
       D: 210 daAuts
